 Dungeon Crawl Stone Soup version 0.30-a0-134-gb40fab5c76 (webtiles) character file.

Game seed: 2520233280557052280

11545 juncz the Frost Mage (level 11, 0/89 HPs)
             Began as a Black Draconian Ice Elementalist on Sept 20, 2022.
             Was an Initiate of Gozag.
             Slain by a two-headed ogre
             ... wielding a +0 giant spiked club
              (12 damage)
             ... on level 10 of the Dungeon.
             The game lasted 00:40:15 (13277 turns).

juncz the Frost Mage (DrIE)                        Turns: 13277, Time: 00:40:16

Health: 0/89       AC: 24    Str: 10    XL:     11   Next: 50%
Magic:  16/25      EV: 12    Int: 21    God:    Gozag
Gold:   1211       SH:  0    Dex: 11    Spells: 20/31 levels left

rFire   . . .      SeeInvis .    h - +7 Throatcutter {drain, coup de grace}
rCold   + . .      Faith    .    (no shield)
rNeg    . . .      Spirit   .    (body armour unavailable)
rPois   .          Reflect  .    (helmet restricted)
rElec   +          Harm     .    A - +2 cloak
rCorr   .          Rampage  .    (no gloves)
Will    .....                    t - +0 pair of boots
Stlth   ++........               u - amulet of the acrobat
HPRegen 0.24/turn                c - ring of protection from cold
MPRegen 0.19/turn                B - +4 ring of protection

@: ice-armoured, freezing walls
A: breathe lightning, AC +7, unfitting armour, electricity resistance,
cold-blooded
a: Breathe Lightning, Renounce Religion, Potion Petition, Call Merchant, Bribe
Branch


You were on level 10 of the Dungeon.
You worshipped Gozag.
Gozag was most pleased with you.
You visited 1 branch of the dungeon, and saw 10 of its levels.

You collected 1850 gold pieces.
You spent 578 gold pieces at shops.
You paid 61 gold pieces to Gozag.

Inventory:

Hand Weapons
 d - a +0 short sword
 h - the +7 Throatcutter (weapon) {drain, coup de grace}
   (You found it on level 3 of the Dungeon)

   A truly terrible weapon, it drains the life of any living foe it strikes.
   It may instantly kill foes which have little health.
Missiles
 b - 139 stones (quivered)
Armour
 g - a +0 cloak
 t - a +0 pair of boots (worn)
 A - a +2 cloak (worn)
 N - the +1 pair of boots of the Wumpus {rF- rN+ Int+6 Dex-4}
   (You bought it in a shop on level 7 of the Dungeon)

   Int:       It affects your intelligence (+6).
   Dex:       It affects your dexterity (-4).
   rF:        It makes you vulnerable to fire.
   rN:        It protects you from negative energy.
 O - a +1 pair of gloves of infusion
Jewellery
 c - a ring of protection from cold (left hand)
 u - an amulet of the acrobat (around neck)
 x - a ring of fire
 B - a +4 ring of protection (right hand)
 S - a ring of positive energy
Wands
 C - a wand of iceblast (22)
 G - a wand of acid (3)
 P - a wand of polymorph (8)
Scrolls
 e - 3 scrolls of amnesia
 m - 2 scrolls of vulnerability
 n - 9 scrolls of teleportation
 o - 3 scrolls of butterflies
 s - a scroll of torment
 v - 2 scrolls of fear
 w - 2 scrolls of enchant armour
 y - 2 scrolls of noise
 z - 2 scrolls of silence
 H - a scroll of brand weapon
 J - 2 scrolls of poison {unknown}
 K - 3 scrolls of magic mapping {unknown}
 L - 2 scrolls of blinking {unknown}
 M - 2 scrolls of enchant weapon {unknown}
 Q - a scroll of immolation {unknown}
Potions
 a - 2 potions of magic
 f - 3 potions of degeneration {unknown}
 i - 4 potions of curing
 j - 2 potions of cancellation {unknown}
 k - a potion of mutation {unknown}
 l - 4 potions of heal wounds {unknown}
 p - 2 potions of flight {unknown}
 q - a potion of attraction {unknown}
 r - 3 potions of brilliance {unknown}
 D - a potion of invisibility {unknown}
 E - a potion of lignification {unknown}
 F - a potion of haste {unknown}
 I - a potion of berserk rage {unknown}
 R - a potion of resistance {unknown}


   Skills:
 - Level 6.0 Fighting
 - Level 1.9 Dodging
 - Level 1.9 Stealth
 + Level 10.9 Spellcasting
 - Level 6.0 Necromancy
 + Level 12.3 Ice Magic


You had 20 spell levels left.
You knew the following spells:

 Your Spells              Type           Power      Damage    Failure   Level
a - Freeze                Ice            100%       1d11      1%          1
b - Frozen Ramparts       Ice            100%       1d16      1%          3
c - Ozocubu's Armour      Ice            59%        N/A       1%          3
d - Dispel Undead         Necr           36%        3d15      4%          4

Your spell library contained the following spells:

 Spells                   Type           Power      Damage    Failure   Level
 Vampiric Draining        Necr           36%        2d8       1%          3
 Cigotuvi's Dreadful Rot  Necr/Pois/Air  38%        N/A       4%          2
 Hailstorm                Conj/Ice       37%        3d9       4%          4
 Ice Form                 Ice/Tmut       37%        N/A       4%          4
 Slow                     Hex            44%        N/A       6%          1
 Summon Small Mammal      Summ           44%        N/A       6%          1
 Call Canine Familiar     Summ           11%        N/A       19%         3
 Confusing Touch          Hex            11%        N/A       19%         3
 Ignite Poison            Fire/Tmut/Pois 11%        N/A       19%         3
 Mephitic Cloud           Conj/Pois/Air  11%        N/A       19%         3
 Summon Guardian Golem    Hex/Summ       11%        N/A       19%         3
 Freezing Cloud           Conj/Ice/Air   14%        6-21      30%         5
 Passage of Golubria      Tloc           11%        N/A       52%         4
 Death Channel            Necr           18%        N/A       61%         6
 Silence                  Hex/Air        5%         N/A       86%         5
 Lehudib's Crystal Spear  Conj/Erth      5%         10d3      100%        8
 Simulacrum               Ice/Necr       Unusable   N/A       N/A         6

Dungeon Overview and Level Annotations

Branches:
Dungeon (10/15)            Temple (0/1) D:6
   Lair: D:8-11         Orc: D:9-12

Altars:
Elyvilon
Fedhas
Gozag
Kikubaaqudgha
Makhleb
Nemelex Xobeh
Ru
Uskayaw
Vehumet
Wu Jian
Xom
Yredelemnul

Shops:
D:1 (   D:3 =   D:7 [


Innate Abilities, Weirdness & Mutations

You can breathe wild blasts of lightning.
Your glossy black scales are hard. (AC +7)
You cannot fit into any form of body armour.
You are resistant to electric shocks. (rElec)
You are cold-blooded and may be slowed by cold attacks.


Message History

Casting: Frozen Ramparts (safe; 1% risk of failure)
Confirm with . or Enter, or press ? or * to list all spells.
Aiming: Freeze (safe; 1% risk of failure)
Press: ? - help, Shift-Dir - straight line, f - two-headed ogre
Aim: a two-headed ogre, wielding a +0 giant spiked club and a +0 giant club (lightly wounded)
You freeze the two-headed ogre!
The two-headed ogre is moderately wounded.
The wall freezes the two-headed ogre.
The two-headed ogre hits you with a +0 giant spiked club!
The two-headed ogre hits you with a +0 giant club!!
Casting: Freeze (safe; 1% risk of failure)
Confirm with . or Enter, or press ? or * to list all spells.
Aiming: Freeze (safe; 1% risk of failure)
Press: ? - help, Shift-Dir - straight line, f/p - two-headed ogre
Aim: a two-headed ogre, wielding a +0 giant spiked club and a +0 giant club (moderately wounded)
You freeze the two-headed ogre.
The two-headed ogre is moderately wounded.
The wall freezes the two-headed ogre.
The two-headed ogre hits you with a +0 giant spiked club!!
The two-headed ogre hits you but does no damage.
Casting: Freeze (safe; 1% risk of failure)
Confirm with . or Enter, or press ? or * to list all spells.
Aiming: Freeze (safe; 1% risk of failure)
Press: ? - help, Shift-Dir - straight line, f/p - two-headed ogre
Aim: a two-headed ogre, wielding a +0 giant spiked club and a +0 giant club (heavily wounded)
You freeze the two-headed ogre.
The two-headed ogre is heavily wounded.
Casting: Freeze (safe; 1% risk of failure)
Confirm with . or Enter, or press ? or * to list all spells.
Aiming: Freeze (safe; 1% risk of failure)
Press: ? - help, Shift-Dir - straight line, f/p - two-headed ogre
Aim: a two-headed ogre, wielding a +0 giant spiked club and a +0 giant club (heavily wounded)
You freeze the two-headed ogre.
The two-headed ogre is heavily wounded.
The wall freezes the two-headed ogre!
The two-headed ogre hits you with a +0 giant spiked club!!
* * * LOW HITPOINT WARNING * * *
The two-headed ogre hits you with a +0 giant club!
You die...
Your body crumbles into a pile of gold.

........#..# #...# #..#
........#..# #...# #..#
..........#..# #...# #..#
..........#..# #...# #...
.............# #...####...
..........#..# #..........
....O.....#..# #..........
..........#..# #.<........
..........#@.#####..####....
..........#O........# #....
####......#.........# #..[.
#......#.........# #....
#..# #................#
#.... #..#
#................# #....
#..# #................#
#...# ###..#
#................# #...#
.....# #..##............#
#...#


You could see a two-headed ogre.

Vanquished Creatures
  A two-headed ogre (D:8)
  Pikel (D:4)
  2 trolls
  Grinder (D:5)
  2 hornets (D:9)
  Prince Ribbit (D:8)
  A shadow (D:10)
  3 wyverns
  Eustachio (D:5)
  13 yaks
  3 vampire mosquitoes (D:10)
  5 steam dragons
  2 acid dragons
  2 water moccasins
  4 orc warriors
  A black bear (D:6)
  3 ogres
  4 centaurs
  2 lemures (D:4)
  3 phantoms
  4 bullfrogs
  6 kobold brigands
  2 necrophages
  2 gnoll sergeants (D:7)
  4 scorpions
  14 wights
  4 killer bees (D:8)
  3 howler monkeys
  8 jellies
  3 hounds
  Crazy Yiuf (D:4)
  2 orc priests
  Ijyb (D:5)
  3 iguanas
  4 orc wizards
  Robin (D:4)
  16 gnolls
  3 adders
  2 shadow imps
  3 white imps
  2 ufetubi
  2 worms
  4 dart slugs
  19 orcs
  6 endoplasms
  4 giant cockroaches
  16 goblins
  4 hobgoblins
  6 quokkas
  7 ball pythons
  5 bats
  4 frilled lizards
  21 kobolds
  4 rats
245 creatures vanquished.

Vanquished Creatures (collateral kills)
  A wyvern (D:9)
  2 acid dragons (D:9)
  2 centaurs (D:9)
  4 wights (D:9)
  A howler monkey (D:9)
10 creatures vanquished.

Vanquished Creatures (others)
  A steam dragon (D:6)
  11 plants (D:5)
12 creatures vanquished.

Grand Total: 267 creatures vanquished

Notes
Turn   | Place    | Note
-------+----------+-------------------------------------------
     0 | D:1      | juncz the Draconian Ice Elementalist began the quest for
                  | the Orb.
     0 | D:1      | Reached XP level 1. HP: 14/14 MP: 3/3
    17 | D:1      | Found a faded altar of an unknown god.
    90 | D:1      | Found Paxueh's Weapon Shop.
   330 | D:1      | Reached XP level 2. HP: 20/20 MP: 3/5
  1400 | D:2      | Reached XP level 3. HP: 26/26 MP: 4/6
  1404 | D:2      | Learned a level 3 spell: Frozen Ramparts
  1408 | D:2      | Learned a level 3 spell: Ozocubu's Armour
  2151 | D:2      | Reached XP level 4. HP: 28/33 MP: 1/8
  2943 | D:3      | Found Hieffam's Jewellery Shoppe.
  3066 | D:3      | Reached skill level 5 in Ice Magic
  3194 | D:3      | Found the +7 Throatcutter {drain, coup de grace}
  3194 | D:3      | Noticed a kobold brigand
  3194 | D:3      | Noticed a kobold brigand
  3205 | D:3      | Killed a kobold brigand
  3206 | D:3      | Reached XP level 5. HP: 38/38 MP: 0/10
  3343 | D:3      | Found a radiant altar of Vehumet.
  3399 | D:4      | Reached XP level 6. HP: 28/45 MP: 4/12
  3524 | D:4      | Noticed Pikel
  3533 | D:4      | Killed Pikel
  3534 | D:4      | Reached skill level 5 in Spellcasting
  3534 | D:4      | Reached skill level 7 in Ice Magic
  3534 | D:4      | Your scales start taking on a glossy black colour.
  3534 | D:4      | Reached XP level 7. HP: 13/50 MP: 1/15
  3534 | D:4      | Gained mutation: You are resistant to electric shocks.
                  | (rElec) [Black Draconian growth]
  3937 | D:4      | Noticed Robin
  3951 | D:4      | Killed Robin
  4116 | D:4      | Identified the +1 robe of Indomitability {rN+ MP+9 Dex+3}
  4305 | D:4      | Reached XP level 8. HP: 54/57 MP: 11/17
  4436 | D:4      | Found a burning altar of Makhleb.
  4521 | D:4      | Found a sacrificial altar of Ru.
  4543 | D:4      | Reached skill level 8 in Ice Magic
  4719 | D:4      | Found a runed translucent door.
  4924 | D:4      | Noticed Crazy Yiuf
  4931 | D:4      | Killed Crazy Yiuf
  5313 | D:5      | Entered Level 5 of the Dungeon
  5601 | D:5      | Found a white marble altar of Elyvilon.
  5653 | D:5      | Reached skill level 1 in Fighting
  5803 | D:5      | Found a sparkling altar of Nemelex Xobeh.
  5803 | D:5      | Found an opulent altar of Gozag.
  5809 | D:5      | Became a worshipper of Gozag Ym Sagoz the Greedy
  5851 | D:5      | Found an ornate altar of the Wu Jian Council.
  5852 | D:5      | Found an ancient bone altar of Kikubaaqudgha.
  5852 | D:5      | Found a blossoming altar of Fedhas.
  5908 | D:5      | Noticed Eustachio
  5947 | D:5      | Killed Eustachio
  5948 | D:5      | Reached skill level 1 in Necromancy
  6273 | D:5      | Noticed Ijyb
  6291 | D:5      | Killed Ijyb
  6754 | D:5      | Reached XP level 9. HP: 68/68 MP: 14/20
  6812 | D:5      | Noticed Grinder
  6826 | D:5      | Killed Grinder
  6981 | D:6      | Reached skill level 9 in Ice Magic
  7625 | D:6      | Found a staircase to the Ecumenical Temple.
  7751 | D:6      | Reached skill level 5 in Fighting
  8361 | D:6      | Noticed a troll
  8370 | D:6      | Killed a troll
  8556 | D:7      | Reached XP level 10. HP: 81/81 MP: 16/22
  8655 | D:7      | Reached skill level 5 in Necromancy
  8722 | D:7      | Learned a level 4 spell: Dispel Undead
  8756 | D:7      | Reached skill level 10 in Ice Magic
  9309 | D:7      | Found Ysuy's Antique Armour Boutique.
  9346 | D:7      | Bought a pair of twisted boots for 323 gold pieces
  9346 | D:7      | Identified the +1 pair of boots of the Wumpus {rF- rN+
                  | Int+6 Dex-4} (You bought it in a shop on level 7 of the
                  | Dungeon)
  9346 | D:7      | Bought a pair of runed gloves for 255 gold pieces
  9849 | D:7      | Found a hide-covered altar of Uskayaw.
 10190 | D:8      | Noticed Prince Ribbit
 10199 | D:8      | Killed Prince Ribbit
 10348 | D:8      | Noticed a two-headed ogre
 10363 | D:8      | Killed a two-headed ogre
 10744 | D:8      | Found a basalt altar of Yredelemnul.
 10905 | D:8      | Reached skill level 11 in Ice Magic
 11313 | D:9      | Reached XP level 11. HP: 87/89 MP: 18/24
 11379 | D:9      | Reached skill level 10 in Spellcasting
 12020 | D:9      | Reached skill level 12 in Ice Magic
 12306 | D:9      | Found a shimmering altar of Xom.
 12622 | D:9      | You fall into a shaft and drop 1 floor!
 12622 | D:10     | Entered Level 10 of the Dungeon
 13261 | D:10     | Noticed a two-headed ogre
 13277 | D:10     | Slain by a two-headed ogre

Illustrated notes

Levels and vault maps discovered:
D:1:      zelgadis_glass_arrival_small, layout_basic, serial_shops,
          nicolae_shop_bloodbath_and_beyond, hellmonk_ecumenical_altar_run_dry,
          minmay_misc_feat_pillars
D:2:      layout_basic, minmay_pentomino_x2
D:3:      layout_rooms, mainiacjoe_overflow_catwalk, serial_shops,
          nicolae_shop_advertising_works [nicolae_subvault_shop_adworks],
          dilly_guarded_unrand_throatcut
D:4:      layout_gridville, mainiacjoe_overflow_brackets,
          mainiacjoe_overflow_paths, minmay_misc_feat_columns,
          minmay_splitting_lines, minivault_5, palyth_stone_intersect,
          uniq_pikel, uniq_crazy_yiuf_cottage, uniq_robin
D:5:      layout_loops_ring, grunt_temple_overflow_opulence,
          grunt_temple_overflow_open, nicolae_elyvilon_temple_path, st_stairs_2,
          uniq_ijyb, uniq_eustachio, uniq_grinder
D:6:      layout_gridville, minmay_temple_entry_proselytizer,
          chequers_serial_rivers_large_a, minmay_alternating_orb
D:7:      layout_cave_pools, overflow_temple_1_default, serial_shops,
          nicolae_shop_hallway_stairs
D:8:      layout_gridville, nicolae_overflow_hidden_temple, uniq_prince_ribbit1
D:9:      layout_long_grid, xom_confusion_cloud
D:10:     layout_long_grid

Skill      XL: |  1  2  3  4  5  6  7  8  9 10 11 |
---------------+----------------------------------+-----
Spellcasting   | 3 4 5 6 7 8 9 10 | 10.9
Ice Magic      | 5 7 8 9 11 12 | 12.3
Fighting       | 2 5 6 |  6.0
Necromancy     | 2 4 6 |  6.0
Dodging        | |  1.9
Stealth        | |  1.9

Action                   |  1- 3 |  4- 6 |  7- 9 | 10-12 || total
-------------------------+-------+-------+-------+-------++-------
Melee: Unarmed           |     8 |       |       |       ||     8
       Tailslap          |     2 |       |    10 |     4 ||    16
       Short sword       |     5 |     1 |       |       ||     6
       Punch             |     1 |       |     1 |       ||     2
       Long sword        |       |     5 |    90 |    36 ||   131
Throw: Stone             |       |       |     8 |     6 ||    14
 Cast: Freeze            |    48 |    29 |    82 |    88 ||   247
       Frozen Ramparts   |     2 |     7 |    42 |    42 ||    93
       Ozocubu's Armour  |     1 |     1 |    12 |    16 ||    30
       Dispel Undead     |       |       |       |    14 ||    14
 Abil: Breathe Lightning |       |       |       |     2 ||     2
Evoke: Wand              |       |       |     1 |       ||     1
  Use: Scroll            |       |     1 |     3 |     9 ||    13
Armor: Skin              |    13 |    11 |   105 |    66 ||   195
Dodge: Dodged            |    27 |    27 |   155 |   121 ||   330

Table legend: (Time is in decaauts)
 A = Elapsed time spent in this place.
 B = Non-inter-level travel time spent in this place.
 C = Inter-level travel time spent in this place.
 D = Time resting spent in this place.
 E = Time spent auto-exploring this place.
 F = Levels seen in this place.
 G = Mean time per level.
                   A        B        C        D        E       F      G
               +--------+--------+--------+--------+--------+-----+--------+
         Total |  13345 |  13008 |    337 |   3838 |   7246 |  10 | 1334.5 |
       Dungeon |  13345 |  13008 |    337 |   3838 |   7246 |  10 | 1334.5 |
               +--------+--------+--------+--------+--------+-----+--------+

Top non-repeatable levels by time:
     D:5: 1902 daAuts
     D:6: 1795 daAuts
     D:4: 1726 daAuts
     D:9: 1725 daAuts
     D:2: 1319 daAuts
     D:1: 1171 daAuts
     D:3: 1106 daAuts
     D:7: 1104 daAuts
     D:8: 982 daAuts
    D:10: 511 daAuts
